Unix NetHack Version 5.0.0-0 post-release - last build Jun 10 2026 00:39:30 (3ee93aec679c4c4259841fe613dc97188e26a321,branch:main).

Game began 2026-06-29 16:10:27, ended 2026-06-30 13:19:25.

DrabEmordnilap, lawful female human Knight

                                                      ----
                                                      |..--
                                                   ----...|
                                                   |......|
                                                  --.....--
                                                  |.....--
                                                  |@|.---
                                              -----S|--
                                          --  |....*|
                                      -- --.- |.----|
                                      |......--..--.---
                                      |...............|             `  -
                              --      --- --..........--          .....|
                              ..      --- ---).....................^.-
                              -.---  --.---.....--...................|
                              |...----.....)%)..|--..................|
                              ---.....%...------- -.............-  ..-
                                |......----        ....--..--- ....
                                ---....|          -....| ---   -- --
                                  ---.--          --.---
                                    ---             --
DrabEmordnilap the Bachelor  St:16 Dx:11 Co:12 In:7 Wi:14 Ch:18  Lawful
Dlvl:7  $:0  HP:0(47) Pw:49(49) AC:0  Xp:6 T:3309 

Latest messages:
 Welcome to experience level 6.
 The gnome shoots 2 crossbow bolts!
 The 1st crossbow bolt misses you.
 The 2nd crossbow bolt misses you.
 You kill the gnome!
 The gnome picks up a crossbow.
 The gnome picks up 3 crossbow bolts.
 The gnome misses!
 You kill the gnome!
 The gnome swings her crossbow.
 The gnome misses!
 You kill the gnome!
 You see here a candle.
 I - a candle (2 in total).
 You learn more about your items by comparing them.
 z - 2 uncursed food rations (5 in total).
 You kill the gnome!
 You have a little trouble lifting a dwarvish mithril-coat.  Continue? [ynq] (q) y
 You have a little trouble lifting K - a dwarvish mithril-coat.
 L - a golden potion.
 Your movements are slowed slightly because of your load.
 The snake misses!
 The snake bites!
 You hit the snake.
 The snake bites!
 You miss the snake.
 The snake misses!
 You miss the snake.
 The snake bites!
 The snake just misses!
 The snake bites!
 You miss the snake.
 The snake bites!
 The snake bites!
 What do you want to drop? [ad-gkqtvxzCE-L or ?*] ?
 You drop a dwarvish mithril-coat.
 Your movements are now unencumbered.
 The snake just misses!
 You hit the snake!
 The snake bites!
 You see the snake slither under a dwarvish mithril-coat.
 It just misses!
 You miss the snake.
 The snake bites!
 You die...
 Do you want your possessions identified? [ynq] (y) y
 Do you want to see your attributes? [ynq] (y) y
 Do you want an account of creatures vanquished? [ynaq] (y) y
 Do you want to see your conduct and achievements? [ynq] (y) y
 Do you want to see the dungeon overview? [ynq] (y) y

Inventory:
 Weapons  (')')
  J - 9 blessed +0 darts
  C - 5 +0 darts (at the ready)
  E - 2 poisoned +0 darts
  a - a +1 long sword (weapon in right hand)
 Armor    ('[')
  d - an uncursed +0 helmet (being worn)
  f - an uncursed +0 pair of leather gloves (being worn)
  t - an uncursed +0 pair of iron shoes (being worn)
  e - an uncursed +0 small shield (being worn)
  x - an uncursed +1 dwarvish cloak (being worn)
  k - an uncursed +1 studded leather armor (being worn)
 Comestibles  ('%')
  g - 8 uncursed apples
  z - 5 uncursed food rations
  G - an uncursed lembas wafer
  q - 2 uncursed tripe rations
 Scrolls  ('?')
  F - an uncursed scroll of light
 Potions  ('!')
  L - an uncursed potion of healing
  H - an uncursed potion of object detection
 Tools    ('(')
  v - a corroded +0 pick-axe named uc (alternate weapon; not wielded)
  I - 2 uncursed tallow candles

DrabEmordnilap the Knight's attributes:

Background:
 You were a Bachelor, a level 6 female human Knight.
 You were lawful, on a mission for Lugh
 who was opposed by Brigit (neutral) and Manannan Mac Lir (chaotic).
 You were right-handed.
 You were in the Gnomish Mines, on level 7.
 You entered the dungeon 3309 turns ago.
 There was a full moon in effect when your adventure ended.
 You had 359 experience points, 281 more were needed to attain level 7.

Basics:
 You had 0 out of 47 hit points.
 You had all 49 energy points (spell power).
 Your armor class was 0.
 Your wallet was empty.
 Autopickup was off.

Final Characteristics:
 Your strength was 16 (limit:18/100).
 Your dexterity was 11 (limit:18).
 Your constitution was 12 (limit:18).
 Your intelligence was 7 (limit:18).
 Your wisdom was 14 (limit:18).
 Your charisma was 18 (limit:18).

Final Status:
 You weren't hungry.
 You were unencumbered.
 You were wielding a long sword.
 You were skilled in long sword.

Final Attributes:
 You were piously aligned.
 Your items were somewhat protected from fire.
 Your items were somewhat protected from cold.
 You were telepathic.
 You could jump.
 You were warded.
 You were lucky.
 You are dead.

Miscellaneous:
 You didn't encounter any bones levels.
 Total elapsed playing time was 28 minutes and 12 seconds.

Major events:
 Turn
    1: DrabEmordnilap the lawful female human Knight entered the dungeon
 1813: attained the rank of Esquire (level 3)
 2213: entered the Gnomish Mines
 3243: attained the rank of Bachelor (level 6)
 3309: killed by a snake

You didn't know any spells.

Skills:
 Fighting Skills
   bare handed combat [Unskilled]
   two weapon combat  [Unskilled]
   riding             [Basic]
 Weapon Skills
   dagger             [Unskilled]
   knife              [Unskilled]
   axe                [Unskilled]
   pick-axe           [Unskilled]
   short sword        [Unskilled]
   broadsword         [Unskilled]
   long sword         [Skilled]
   two-handed sword   [Unskilled]
   saber              [Unskilled]
   club               [Unskilled]
   mace               [Unskilled]
   morning star       [Unskilled]
   flail              [Unskilled]
   hammer             [Unskilled]
   polearms           [Unskilled]
   spear              [Unskilled]
   trident            [Unskilled]
   lance              [Basic]
   bow                [Unskilled]
   crossbow           [Unskilled]
 Spellcasting Skills
   attack spells      [Unskilled]
   healing spells     [Unskilled]
   clerical spells    [Unskilled]

Voluntary challenges:
 Character rerolling was not enabled.
 You never genocided any monsters.
 You never polymorphed an object.
 You never changed form.
 You used no wishes.
Achievements:
 You attained the rank of Esquire.
 You entered the Gnomish Mines.
 You attained the rank of Bachelor.

 The Dungeons of Doom: levels 1 to 5
    Level 1:
       A fountain.
    Level 2:
       A fountain.
    Level 3: "stash"
       An altar, a fountain, a sink.
    Level 4:
       A sink.
       Stairs down to The Gnomish Mines.
    Level 5:
 The Gnomish Mines: levels 5 to 7
    Level 5:
    Level 6:
    Level 7: <- You were here.
       Final resting place for
          you, killed by a snake.


Vanquished creatures:
  a wood nymph
  a pony
  a fog cloud
  5 gnome leaders
  2 elf zombies
  2 floating eyes
  3 dwarves
  a rothe
  2 dwarf zombies
 an iguana
  a gas spore
  a hobbit
  a hobgoblin
  4 giant rats
  2 cave spiders
  a red mold
 21 gnomes
  7 geckos
  a jackal
  a fox
  a kobold
  2 sewer rats
  6 grid bugs
  2 lichens
  9 newts
79 creatures vanquished.

No species were genocided or became extinct.

Game over:
                       ----------
                      /          \
                     /    REST    \
                    /      IN      \
                   /     PEACE      \
                  /                  \
                  |  DrabEmordnilap  |
                  |       0 Au       |
                  |   killed by a    |
                  |      snake       |
                  |                  |
                  |                  |
                  |       2026       |
                 *|     *  *  *      | *
        _________)/\\_//(\/(/\)/\//\/|_)_______

Fare thee well DrabEmordnilap the Knight...

You died in The Gnomish Mines on dungeon level 7 with 1736 points,
and 0 pieces of gold, after 3309 moves.
You were level 6 with a maximum of 47 hit points when you died.

